 Dungeon Crawl Stone Soup version 0.32-a0-900-g30fb1b0edc (webtiles) character file.

Game seed: 3999055654620771680

48 spaghetti the Ruffian (level 3, -1/34 HPs)
             Began as a Naga Chaos Knight on Apr 5, 2024.
             Was a Plaything of Xom.
             Slain by a gnoll
             ... wielding a +0 spear
              (7 damage)
             ... on level 2 of the Dungeon.
             The game lasted 00:02:08 (1310 turns).

spaghetti the Ruffian (Naga Chaos Knight)           Turns: 1310, Time: 00:02:09

Health: -1/34      AC:  4    Str: 14      XL:     3   Next: 72%
Magic:  3/3        EV:  8    Int: 11 (12) God:    Xom [.*....]
Gold:   88         SH:  0    Dex: 12      Spells: 2/2 levels left

rFire   . .          .
                       - Unarmed
rCold   . . .        (no shield)
rNeg    . . .        a - +2 leather armour
rPois   +            (no helmet)
rElec   .            (no cloak)
rCorr   .            (no gloves)
SInv    +            (no barding)
Will    .....        (no amulet)
Stlth   +            (no ring)
HPRegen 0.25/turn    (no ring)
MPRegen 0.08/turn

%: no passive effects
@: very slow
A: AC +1, large, see invisible, deformed body, poison resistance, slowness 2,
spit poison 1, naga tail 1
a: Spit Poison, Renounce Religion


You were on level 2 of the Dungeon.
You worshipped Xom.
You were a plaything of Xom.
You visited 1 branch of the dungeon, and saw 2 of its levels.

You collected 88 gold pieces.

Inventory:

Armour
 a - a +2 leather armour (worn)
Jewellery
 e - an amulet of reflection
Scrolls
 b - a scroll of butterflies
 c - 2 scrolls of brand weapon
 j - a scroll of teleportation {unknown}


   Skills:
 - Level 3.0 Fighting
 + Level 1.4 Throwing
 - Level 1.5 Armour
 - Level 0.7 Dodging
 - Level 4.1 Unarmed Combat


You had 2 spell levels left.
You didn't know any spells.
Your spell library was empty.

Dungeon Overview and Level Annotations

Branches:
Dungeon (2/15)

Altars:

Shops:
D:2 (


Innate Abilities, Weirdness & Mutations

Your serpentine skin is tough. (AC +1)
You have supernaturally acute eyesight. (SInv)
Armour fits poorly on your strangely shaped body.
Your system is resistant to poisons. (rPois)
You cover ground very slowly.
You can spit poison.
You have a snake-like lower body.


Message History

Press: ? - help, Shift-Dir - straight line, f - gnoll, p - gnoll
Aim: a gnoll, wielding a +0 halberd (58% to hit)
You throw a javelin.
The javelin completely misses the gnoll.
The javelin pierces through the gnoll.
The gnoll is moderately wounded.
The gnoll hits you from afar with a +0 spear.
No previous command to re-do.
Aiming: Spit Poison (2% risk of failure)
Press: ? - help, Shift-Dir - straight line, f/p - gnoll
Aim: a gnoll, wielding a +0 halberd (moderately wounded, 65% to hit)
The splash of poison hits the gnoll.
The gnoll is poisoned.
The gnoll is lightly wounded.
The gnoll hits you with a +0 flail.
The gnoll hits you from afar with a +0 spear.
A rat comes into view.
It was a potion of curing.
You feel better.
Xom roars with laughter!
The gnoll hits you but does no damage. The gnoll barely misses you.
As you read the scroll labelled LAN QULI QIROA, it crumbles to dust.
You hear a loud clanging noise!
It was a scroll of noise.
The rat squeaks loudly.
You hear an angry hiss.
The gnoll barely misses you. x2
As you read the scroll labelled XIGOINK TESUCW, it crumbles to dust.
It is a scroll of amnesia.
You feel forgetful for a moment.
You have got your breath back.
The gnoll hits you with a +0 flail.
The gnoll hits you from afar with a +0 halberd!
The gnoll hits you from afar with a +0 spear.
As you read the scroll labelled BYFENT CIDIO, it crumbles to dust.
Your body is wracked with pain!
* * * LOW HITPOINT WARNING * * *
The gnoll convulses! x3; It was a scroll of torment.
The gnoll hits you but does no damage.
The gnoll hits you from afar with a +0 halberd.
* * * LOW HITPOINT WARNING * * *
The gnoll hits you from afar with a +0 spear!
You die...

#....†..#
########.
## # #
#.#########
#.g@.......
#..########


#gg #.. #r. ### #.# #.. ..# #.# ... #.# #.# ((. #.# #.# #.# #.# You could see 3
gnolls and a rat.

Vanquished Creatures
  A dart slug (D:1)
  A ribbon worm (D:2)
  4 endoplasms
  2 giant cockroaches
  2 goblins
  4 hobgoblins
  4 jackals (D:1)
  7 kobolds
  A quokka (D:1)
  6 ball pythons
  2 bats
  A frilled lizard (D:1)
  4 rats (D:1)
39 creatures vanquished.

Notes
Turn   | Place    | Note
-------+----------+-------------------------------------------
     0 | D:1      | spaghetti the Naga Chaos Knight began the quest for the
                  | Orb.
     0 | D:1      | Reached XP level 1. HP: 21/21 MP: 1/1
   133 | D:1      | XOM: potion effect (might)
   141 | D:1      | Reached XP level 2. HP: 11/28 MP: 2/2
   346 | D:1      | XOM: silly message
   454 | D:1      | XOM is BORED!
   587 | D:1      | Reached skill level 4 in Unarmed Combat
   637 | D:1      | Found a faded altar of an unknown god.
   648 | D:1      | Reached XP level 3. HP: 33/34 MP: 3/3
   881 | D:1      | XOM: stat loss: -1 Int (11/12)
  1020 | D:2      | Found Soalairgh's Weapon Shop.
  1137 | D:2      | Reached skill level 1 in Throwing
  1301 | D:2      | XOM: 2-stop teleportation journey
  1310 | D:2      | Slain by a gnoll

Illustrated notes

Levels and vault maps discovered:
D:1:      kennysheep_arrival_seaside, layout_loops_ring,
          dreamdust_ecumenical_altar_hidden_monk_grotto
D:2:      layout_loops_ring, serial_shops, shop,
          hangedman_abyss_or_decor_lesser_grid, grunt_ministairs_15

Skill      XL: |  1  2  3 |
---------------+----------+-----
Unarmed Combat | 4 |  4.1
Throwing       | 1 |  1.4
Fighting       | |  3.0
Armour         | |  1.5
Dodging        | |  0.7

Action                     || total
---------------------------++-------
  Melee: Unarmed           ||    74
  Throw: Javelin           ||     4
Ability: Spit Poison       ||    23
    Use: Scroll            ||     7
         Potion            ||     3
 Armour: Leather armour    ||    65
  Dodge: Dodged            ||    32

Table legend: (Time is in decaauts)
 A = Elapsed time spent in this place.
 B = Non-inter-level travel time spent in this place.
 C = Inter-level travel time spent in this place.
 D = Time resting spent in this place.
 E = Time spent auto-exploring this place.
 F = Levels seen in this place.
 G = Mean time per level.
                   A        B        C        D        E       F      G
               +--------+--------+--------+--------+--------+-----+--------+
         Total |   1715 |   1623 |     92 |     30 |   1341 |   2 |  857.5 |
       Dungeon |   1715 |   1623 |     92 |     30 |   1341 |   2 |  857.5 |
               +--------+--------+--------+--------+--------+-----+--------+

Top non-repeatable levels by time:
     D:1: 1345 daAuts
     D:2: 369 daAuts
